 Dungeon Crawl Stone Soup version 0.26.0-45-g9c1d065592 (webtiles) character file.

Game seed: 13199727808427348899

715 kaeus the Insei (level 7, -1/60 HPs)
             Began as a Green Draconian Transmuter on Feb 1, 2021.
             Was an Initiate of Cheibriados.
             Slain by a river rat (5 damage)
             ... summoned by Eustachio
             ... on level 5 of the Dungeon.
             The game lasted 00:08:20 (8118 turns).

kaeus the Insei (Green Draconian Transmuter)        Turns: 8118, Time: 00:08:21

Health: -1/60      AC:  8    Str: 13      XL:     7   Next: 41%
Magic:  0/10       EV: 14    Int: 14      God:    Cheibriados [......]
Gold:   105        SH:  0    Dex: 14 (15) Spells: 3/10 levels left

rFire    . . .     SeeInvis .     - Unarmed
rCold    . . .     Faith    .   (no shield)
rNeg     . . .     Spirit   .   (armour unavailable)
rPois    +         Reflect  .   (helmet restricted)
rElec    .         Harm     .   s - +0 cloak
rCorr    .         Rampage  .   (no gloves)
Will     +....                  (no boots)
Stlth    +.........             l - amulet of the acrobat
HPRegen  0.20/turn              k - ring of willpower
MPRegen  0.12/turn              (no ring)

@: very slightly contaminated, slow
A: breathe noxious fumes, unfitting armour, blink, poison resistance, shaggy fur
1, cold-blooded, AC +6
a: Breathe Noxious Fumes, Blink, Renounce Religion, Bend Time


You were on level 5 of the Dungeon.
You worshipped Cheibriados.
Cheibriados was noncommittal.
You visited 1 branch of the dungeon, and saw 5 of its levels.

You collected 105 gold pieces.

Inventory:

Armour
 s - a +0 cloak (worn)
 u - the -4 pair of boots "Onythri" {rPois rCorr Int-4}
   (You found it on level 4 of the Dungeon)

   It affects your intelligence (-4).
   It protects you from poison.
   It provides partial protection from all sources of acid and corrosion.
Jewellery
 k - a ring of willpower (left hand)
 l - an amulet of the acrobat (around neck)
Scrolls
 b - 3 scrolls of identify
 c - 4 scrolls of remove curse
 d - a scroll of immolation
 f - a scroll of fear {unknown}
 h - 2 scrolls of teleportation
 i - a scroll of random uselessness {unknown}
 n - a scroll of enchant armour {unknown}
 o - a scroll of fog {unknown}
 q - a scroll of magic mapping {unknown}
 v - a scroll of enchant weapon {unknown}
 w - a scroll of blinking {unknown}
Potions
 a - 3 potions of curing {unknown}
 e - a potion of degeneration {unknown}
 g - 3 potions of magic
 j - a potion of heal wounds
 m - a potion of cancellation
 p - a potion of haste {unknown}
 r - 3 potions of attraction {unknown}
 t - a potion of invisibility {unknown}


   Skills:
 + Level 4.8 Fighting
 + Level 3.8 Dodging
 + Level 5.3 Unarmed Combat
 + Level 2.0 Spellcasting
 - Level 4.0 Transmutations
 + Level 0.0 Ice Magic
 - Level 1.2 Poison Magic


You had 3 spell levels left.
You knew the following spells:

 Your Spells              Type           Power        Failure   Level
a - Spider Form           Tmut/Pois      4%           24%         3
b - Ice Form              Ice/Tmut       7%           71%         4

Your spell library contained the following spells:

 Spells                   Type           Power        Failure   Level
 Beastly Appendage        Tmut           24%          4%          1
 Wereblood                Tmut           12%          7%          2
 Blade Hands              Tmut           6%           77%         5


Dungeon Overview and Level Annotations

Branches:
Dungeon (5/15)
 Temple: D:4-7

Altars:
Cheibriados
Nemelex Xobeh
Wu Jian

Annotations:
D:5 Eustachio


Innate Abilities, Weirdness & Mutations

You can breathe blasts of noxious fumes.
Your lurid green scales are hard. (AC +6)
You cannot fit into any form of body armour.
Your system is resistant to poisons. (rPois)
You are cold-blooded and may be slowed by cold attacks.
You can translocate small distances at will.
You are covered in fur. (AC +1)


Message History

The river rat completely misses you. The rat completely misses you.
You barely miss the rat.
The rat is moderately wounded.
The quasit completely misses you.
The quasit claws you but does no damage.
The quasit barely misses you. Eustachio hits you but does no damage.
The river rat bites you.
* * * LOW HITPOINT WARNING * * *
The rat bites you but does no damage.
You take 5 damage, and have 8/60 hp.
Casting: Ice Form (quite dangerous; 71% risk of failure)
Confirm with . or Enter, or press ? or * to list all spells.
You miscast Ice Form.
Your limbs ache and wobble like jelly.
The quasit closely misses you.
The quasit claws you but does no damage.
The quasit barely misses you. Eustachio hits you with a +0 rapier.
* * * LOW HITPOINT WARNING * * *
The quasit closely misses you. x2; The quasit barely misses you.
The river rat bites you.
You die...

## .# .########
##.#......#
...#.##.###
#######5.#.##.#
....55@r5#.##.#
#@##.##.#
#r##.##.#
#.##.#..#
########.##.#.##
#........##.#.#
#.#########.#.#
#.# #.#.# #.#
#######.#.# #.#
#.........#


You could see Eustachio, a quasit (summoned), a river rat (summoned), a shadow
imp, 2 ufetubi and a rat (summoned).

Vanquished Creatures
  An ogre (D:4)
  A howler monkey (D:3)
  The ghost of Hehehe the Conjurer, a weakling DECj (D:3)
  A hound (D:4)
  An orc priest (D:4)
  Crazy Yiuf (D:2)
  Natasha (thrice) (D:2)
  2 worker ants (D:4)
  Robin (D:2)
  10 gnolls
  10 adders
  8 worms
  2 dart slugs
  5 leopard geckos
  10 orcs
  5 giant cockroaches
  17 goblins
  12 hobgoblins
  4 jackals (D:2)
  A quokka (D:2)
  2 ball pythons
  9 bats
  9 frilled lizards
  10 kobolds
  3 rats (D:1)
129 creatures vanquished.

Notes
Turn   | Place    | Note
-------+----------+-------------------------------------------
     0 | D:1      | kaeus the Draconian Transmuter began the quest for the Orb.
     0 | D:1      | Reached XP level 1. HP: 16/16 MP: 3/3
   532 | D:1      | Reached XP level 2. HP: 24/24 MP: 5/5
  1488 | D:1      | Reached XP level 3. HP: 28/30 MP: 4/6
  1644 | D:1      | Learned a level 3 spell: Spider Form
  1911 | D:2      | Found a runed translucent door.
  1912 | D:2      | Noticed Crazy Yiuf
  1968 | D:2      | Reached skill level 1 in Poison Magic
  1969 | D:2      | Noticed Robin
  1994 | D:2      | Reached XP level 4. HP: 20/37 MP: 5/7
  2025 | D:2      | Killed Robin
  2205 | D:2      | Noticed Natasha
  2212 | D:2      | Killed Natasha
  2264 | D:2      | Noticed Natasha
  2274 | D:2      | Killed Natasha
  2275 | D:2      | Reached XP level 5. HP: 28/42 MP: 6/8
  2561 | D:2      | Found a sparkling altar of Nemelex Xobeh.
  2697 | D:2      | Noticed Natasha
  2702 | D:2      | Killed Natasha
  2703 | D:2      | Reached skill level 4 in Unarmed Combat
  3267 | D:2      | Killed Crazy Yiuf
  3657 | D:2      | Learned a level 4 spell: Ice Form
  3854 | D:2      | Gained mutation: You can translocate small distances at
                  | will. [potion of mutation]
  3854 | D:2      | Gained mutation: You are covered in fur. (AC +1) [potion of
                  | mutation]
  4517 | D:3      | Reached XP level 6. HP: 46/51 MP: 6/9
  5516 | D:3      | Found a runed translucent door.
  5516 | D:3      | Noticed Hehehe's ghost (weakling DECj)
  6487 | D:3      | Killed Hehehe's ghost
  6658 | D:4      | Your scales start taking on a lurid green colour.
  6658 | D:4      | Reached XP level 7. HP: 24/59 MP: 3/10
  6658 | D:4      | Gained mutation: Your system is resistant to poisons.
                  | (rPois) [Green Draconian growth]
  6969 | D:4      | Reached skill level 5 in Unarmed Combat
  7298 | D:4      | Found a snail-covered altar of Cheibriados.
  7310 | D:4      | Found an ornate altar of the Wu Jian Council.
  7669 | D:4      | Became a worshipper of Cheibriados the Contemplative
  7976 | D:4      | Got a pair of dazzling boots
  7982 | D:4      | Identified the -4 pair of boots "Onythri" {rPois rCorr
                  | Int-4} (You found it on level 4 of the Dungeon)
  8023 | D:5      | Entered Level 5 of the Dungeon
  8101 | D:5      | Noticed Eustachio
  8118 | D:5      | Slain by a river rat

Illustrated notes

Levels and vault maps discovered:
D:1:      dpeg_arrival_rhombus, layout_loops_corners, serial_aquarium,
          aquarium_bridge_square [aquarium_subvault_bridge,
          aquarium_subvault_balcony, aquarium_subvault_window,
          aquarium_subvault_balcony], aquarium_bridge_straight
          [aquarium_subvault_bridge, aquarium_subvault_wall,
          aquarium_subvault_bridge, aquarium_subvault_wall], aquarium_window_1,
          aquarium_window_corridor_3, aquarium_window_2, aquarium_window_2,
          aquarium_view_2g, aquarium_view_2c, aquarium_balcony_double_1,
          aquarium_pool_double
D:2:      layout_loops_ring, nemelex_xobeh_ov_fountains_minmay,
          uniq_crazy_yiuf_cottage, uniq_natasha, uniq_robin
D:3:      layout_basic, hellmonk_ghost_happy_afterlife, serial_co_window_serial,
          co_window_paths_a, co_window_cross_1, co_window_paths_a,
          co_window_paths_b, co_window_paths_b, co_window_cross_1,
          co_window_paths_a, co_window_paths_b, co_window_cross_1,
          co_window_of_opportunity_b, co_window_unsneaky_path_e,
          co_window_broadway_b, co_window_of_opportunity_b, co_window_cross_2
D:4:      layout_loops_ring, minitemple
D:5:      layout_basic, minmay_temple_entry_mist, basic_altar, uniq_eustachio,
          uniq_pikel, uniq_blork_the_orc, uniq_prince_ribbit1

Skill      XL: |  1  2  3  4  5  6  7 |
---------------+----------------------+-----
Fighting       | 2 3 4 |  4.8
Poison Magic   | 1 |  1.2
Transmutations | 4 |  4.0
Dodging        | 2 3 |  3.8
Unarmed Combat | 4 5 |  5.3
Spellcasting   | |  2.0

Action                   |  1- 3 |  4- 6 |  7- 9 || total
-------------------------+-------+-------+-------++-------
Melee: Unarmed           |    98 |   264 |    79 ||   441
       Headbutt          |    13 |     2 |       ||    15
       Kick              |    14 |     6 |       ||    20
       Tailslap          |     8 |    16 |    10 ||    34
       Punch             |     1 |     1 |     1 ||     3
 Cast: Beastly Appendage |    24 |     6 |       ||    30
       Spider Form       |       |    24 |     2 ||    26
 Abil: Blink             |       |     5 |       ||     5
       Breathe Noxious F |       |       |     2 ||     2
  Use: Scroll            |       |     5 |       ||     5
       Potion            |       |     3 |       ||     3
 Stab: Sleeping          |       |     1 |     1 ||     2
       Distracted        |       |     1 |       ||     1
       Confused          |       |       |     1 ||     1
Armor: Skin              |    24 |    38 |    31 ||    93
Dodge: Dodged            |    67 |   226 |    86 ||   379
